Map: Ulrena

Players

CrAzYbObO - Winner!

  • Race: Zerg Zerg
  • League: Platinum

capac

  • Race: Terran Terran
  • League: Gold

VOD

Have the link to the VOD?

Description

Time

  • Played on: March 7, 2016, 3:26 p.m.
  • Length: 15:43
Show
View Real Time Build Order
Export as new Build Order

CrAzYbObO Zerg - Winner!

Build Orders: Hatch First 

Get SALT Encoding   

  12  0:00  Drone  
  13  0:08  Drone  
  14  0:17  Overlord  
  14  0:36  Drone x3  
  17  0:47  Drone  
  18  1:02  Drone  
  19  1:08  Hatchery, Drone  
  19  1:19  Spawning Pool  
  19  1:24  Drone  
  19  1:31  Overlord  
  19  1:56  Drone  
  20  2:10  Queen  
  22  2:16  Drone x3  
  22  2:19  Queen  
  27  2:28  Extractor  
  26  2:35  Drone  
  26  2:36  Drone x2  
  29  2:39  Extractor x2  
  29  2:42  Hatchery  
  26  2:45  Drone x2  
  28  2:52  Drone  
  28  2:53  Drone  
  30  2:59  Queen  
  32  3:09  Roach Warren  
  32  3:10  Drone x2  
  32  3:11  Drone  
  34  3:16  Drone  
  34  3:18  Drone  
  34  3:19  Overlord  
  36  3:46  Overlord, Drone x2  
  36  3:47  Overlord  
  38  3:49  Lair  
  38  3:50  Drone x3  
  38  3:53  Extractor x2  
  39  3:57  Queen  
  39  4:02  Drone  
  42  4:05  Drone x2  
  44  4:14  Queen  
  46  4:26  Drone x2  
  46  4:30  Drone x6  
  46  4:31  Drone  
  55  4:43  Drone x2  
  57  4:50  Extractor  
  57  4:52  Extractor  
  55  4:53  Queen  
  55  4:54  Glial Reconstitution  
  55  4:57  Spire  
  56  5:03  Spore Crawler  
  56  5:06  Spore Crawler  
  54  5:10  Drone  
  54  5:11  Drone x3  
  54  5:12  Drone  
  54  5:13  Spore Crawler  
  58  5:16  Drone x2  
  58  5:20  Drone x2  
  62  5:23  Overseer  
  62  5:32  Drone x2  
  62  5:33  Drone  
  65  5:37  Overlord x3  
  65  5:49  Overlord x2  
  65  6:13  Mutalisk x7  
  65  6:14  Mutalisk x3  
  85  6:23  Mutalisk x2  
  85  6:24  Mutalisk  
  91  6:57  Overlord x4  
  91  6:58  Overlord  
  91  7:04  Zerg Flyer Weapons Level 1  
  91  7:10  Evolution Chamber x2  
  91  7:11  Metabolic Boost  
  91  7:12  Infestation Pit  
  88  7:18  Mutalisk x2  
  88  7:19  Mutalisk x5  
  88  7:20  Mutalisk  
  102  7:40  Mutalisk x2  
  102  7:41  Mutalisk  
  104  7:50  Drone x4  
  104  7:51  Drone x2  
  90  8:05  Mutalisk  
  90  8:06  Mutalisk x3  
  84  8:23  Zergling x6  
  84  8:25  Zerg Missile Weapons Level 1  
  84  8:26  Zerg Ground Armor Level 1  
  87  8:28  Roach x2  
  87  8:29  Roach x3  
  97  8:39  Roach x2  
  97  8:40  Roach  
  103  8:52  Roach x3  
  109  8:56  Hatchery, Roach x3  
  114  9:05  Hatchery  
  109  9:15  Overlord x3, Roach x6  
  117  9:22  Hive  
  117  9:50  Overlord, Roach x4  
  117  9:51  Overlord x3, Roach x3  
  117  9:52  Roach  
  133  9:59  Baneling Nest  
  132  10:03  Evolution Chamber  
  132  10:05  Roach  
  132  10:06  Roach x2  
  137  10:11  Drone x3  
  137  10:12  Drone  
  139  10:27  Roach x2  
  138  10:51  Ravager  
  138  10:52  Ravager x10  
  138  10:53  Ravager x7  
  138  10:56  Drone x4  
  138  10:57  Drone x2  
  161  11:01  Drone x2  
  161  11:02  Drone x4  
  168  11:14  Extractor  
  168  11:17  Zergling x6  
  168  11:18  Zergling x6, Extractor  
  172  11:27  Zergling x12  
  172  11:28  Zergling x10  
  172  11:29  Centrifical Hooks  
  172  11:32  Zerg Melee Weapons Level 1  
  183  11:33  Zerg Ground Armor Level 2  
  183  11:34  Zerg Missile Weapons Level 2  
  183  11:36  Greater Spire  
  180  11:54  Ultralisk Cavern  
  179  12:09  Drone  
  179  12:10  Overlord x2  
  179  12:11  Overlord  
  180  12:28  Hydralisk Den  
  179  12:43  Adrenal Glands  
  179  12:58  Roach x2  
  183  13:00  Ultralisk  
  183  13:01  Ultralisk  
  183  13:03  Hatchery  
  194  13:05  Baneling x2  
  194  13:06  Baneling x13  
  194  13:07  Baneling x13  
  194  13:08  Hatchery, Baneling x7  
  193  13:21  Ultralisk  
  104  14:07  Zergling x2  
  104  14:08  Zergling x14  
  104  14:09  Zergling x28, Corruptor x4  
  126  14:10  Zergling x8  
  135  14:31  Extractor x2  
  133  14:43  Corruptor  
  133  14:44  Corruptor x4  
  143  15:04  Drone x2  
Show
View Real Time Build Order
Export as new Build Order

capac Terran 

Build Orders: MMM Bio 

Get SALT Encoding   

  12  0:01  SCV  
  13  0:13  SCV  
  14  0:19  Supply Depot  
  14  0:25  SCV  
  15  0:41  SCV  
  16  0:44  Barracks  
  16  0:52  Refinery  
  16  0:53  SCV  
  17  1:09  SCV  
  18  1:27  SCV  
  19  1:38  Barracks Reactor  
  19  1:39  SCV  
  20  1:46  Command Center  
  21  1:55  SCV  
  21  2:03  Supply Depot  
  21  2:07  Orbital Command  
  21  2:16  Marine x2  
  23  2:32  Barracks  
  23  2:35  SCV  
  24  2:39  Marine x2  
  26  2:56  Factory  
  26  3:10  Marine  
  26  3:11  Marine  
  28  3:14  SCV  
  28  3:15  Bunker  
  28  3:17  Orbital Command  
  29  3:23  Barracks Tech Lab  
  29  3:35  Marine x2  
  29  3:41  Factory Tech Lab  
  30  3:45  Starport  
  30  3:50  Refinery, Marine  
  30  3:52  Stimpack  
  31  3:57  SCV x2  
  33  4:09  Marine x2  
  35  4:10  Marine  
  35  4:13  SCV x2  
  38  4:25  SCV x2  
  38  4:30  Siege Tank  
  43  4:31  Marine  
  43  4:33  Marine x2  
  43  4:38  Refinery  
  46  4:41  Supply Depot  
  46  4:49  Supply Depot  
  46  4:54  Starport Reactor  
  46  5:00  Barracks  
  46  5:02  Marine  
  46  5:03  Marine x2, SCV x2  
  51  5:15  SCV x2  
  51  5:19  Siege Tank  
  51  5:20  Marine  
  57  5:27  Marine, SCV x2  
  57  5:28  Marine  
  61  5:44  Supply Depot  
  61  5:46  Refinery  
  61  5:48  Supply Depot  
  61  5:49  Barracks Reactor  
  61  6:01  Marine  
  62  6:05  Viking x2, Marine  
  67  6:25  Marine x3  
  68  6:26  Marine  
  68  6:28  SCV x2  
  68  6:29  Barracks  
  73  6:32  Barracks  
  73  6:36  Engineering Bay x2  
  73  6:39  Supply Depot  
  73  6:41  Supply Depot  
  73  6:45  Marine x3  
  76  6:48  Liberator x2  
  70  7:34  Terran Infantry Weapons Level 1, Terran Infantry Armor Level 1  
  68  7:38  Missile Turret  
  63  7:48  SCV, Missile Turret  
  63  7:49  SCV  
  50  8:01  SCV x2  
  49  8:06  Marine x4  
  47  8:13  SCV x2  
  48  8:25  SCV  
  49  8:33  SCV  
  50  8:37  SCV  
  50  8:38  Missile Turret  
  51  8:44  Medivac  
  51  8:45  Medivac  
  55  8:56  Barracks Reactor  
  55  8:57  Barracks Reactor  
  55  9:00  SCV x2  
  49  9:15  SCV x2  
  49  9:24  Marine x2  
  49  9:25  Marine x3  
  49  9:26  Medivac x2  
  49  9:27  SCV  
  49  9:29  SCV  
  60  9:39  SCV  
  60  9:40  Marine x4  
  60  9:42  Marine  
  66  10:00  Medivac x2  
  66  10:06  Combat Shields  
  70  10:09  Starport  
  66  10:32  Siege Tank  
  66  10:33  Medivac  
  66  10:35  SCV x2  
  73  11:03  Starport Reactor  
  73  11:04  Siege Tank, Liberator x2  
  76  11:06  Command Center  
  76  11:07  SCV x2  
  84  11:26  SCV x2  
  86  12:01  Liberator x2  
  86  12:18  Marine x9  
  86  12:20  Bunker  
  101  12:26  Supply Depot  
  101  12:29  Supply Depot  
  101  12:30  Orbital Command  
  101  12:31  Liberator x2  
  107  13:04  Liberator x2  
  107  13:20  Siege Tank  
  50  13:58  Orbital Command  
  50  13:59  Marine x5  
  52  14:07  Marine  
  52  14:08  Marine x3  
  53  14:16  Marine  
  53  14:22  Marine x4  
  58  14:25  Marine x2  
  58  14:26  Marine  
  61  14:41  SCV x2  
  63  15:07  Marine x5  
  63  15:08  Siege Tank  
Tags
 
Composition
MMM Bio
Matchup
TvZ
Add a new tag
Caveats
  • Supply blocks, unpowered buildings, or Contaminate may cause inaccurate times.
  • Supply counts are checked every 10 seconds.